Dallas Stars vs St.Louis Blues

Created - Saturday, November 8, 2025 at 08:50

Goals
1 2 3 T
Dallas Stars 0 1 0 1
St.Louis Blues 0 2 0 2
Shots
1 2 3 T
Dallas Stars 8 19 23 50
St.Louis Blues 17 14 9 40

1st period

No Goal

Penalties :
Jakob Chychrun (DAL) for Tripping (Minor) at 4:08, Josh Anderson (DAL) for Tripping (Minor) at 9:01, Jordan Greenway (DAL) for Tripping (Minor) at 15:13

2nd period

1. St.Louis Blues , Mikhail Sergachev 5 (Robert Thomas 68) at 4:14
2. St.Louis Blues , Jack Eichel 38 (Mikhail Sergachev 29) at 4:48
3. Dallas Stars , Joel Kiviranta 7 (Cam York 13, Jonatan Berggren 12) at 13:56

Penalties :
No Penalty

3rd period

No Goal

Penalties :
Jake Sanderson (STL) for Interference (Minor) at 10:17

Goalie Stats

Alex Lyon (DAL), 38 saves from 40 shots - (0.950), L, 22-16-4, 58:30 minutes
Connor Hellebuyck (STL), 49 saves from 50 shots - (0.980), W, 38-15-3, 60:00 minutes

Players Stats for Dallas Stars

Player Name              G  A  P  +/- PIM S  H  SB GA TA FO     MP     PP MP  PK MP  
------------------------------------------------------------------------------------
Alex Iafallo             0  0  0  -1  0   3  0  0  0  1  2/4    14:26   0:59   0:33 
Arber Xhekaj             0  0  0   1  0   1  1  1  1  1  0/0    15:58   0:00   0:30 
Brendan Gallagher        0  0  0  -1  0   1  1  0  1  0  0/1    18:51   1:00   2:30 
Cam York                 0  1  1   1  0   2  0  0  0  1  0/0    16:06   0:00   0:39 
Dougie Hamilton          0  0  0  -1  0   2  1  1  0  1  0/0    22:48   1:06   3:07 
Elias Lindholm           0  0  0  -1  0   7  0  1  1  1  13/22  19:01   1:00   2:38 
Filip Chytil             0  0  0   0  0   3  1  0  0  0  13/18  14:48   0:00   0:07 
Jack Drury               0  0  0  -1  0   3  1  0  1  1  6/12   14:29   0:00   1:36 
Jakob Chychrun           0  0  0  -1  2   2  1  0  0  1  0/0    20:35   0:53   1:41 
Joel Kiviranta           1  0  1   1  0   1  1  0  1  0  0/0     9:05   0:00   0:00 
Jonatan Berggren         0  1  1   1  0   6  0  1  0  0  0/0     9:05   0:00   0:00 
Jordan Greenway          0  0  0   0  2   0  1  1  2  0  0/0    16:18   0:59   0:26 
Jordan Martinook         0  0  0   0  0   5  1  0  1  0  1/2    18:12   0:59   2:30 
Josh Anderson            0  0  0  -1  2   8  1  1  0  1  0/2    17:56   1:00   1:34 
Philip Tomasino          0  0  0   1  0   2  1  0  0  0  1/4     9:05   0:00   0:00 
Rasmus Ristolainen       0  0  0  -1  0   1  1  2  0  2  0/0    22:48   1:06   3:07 
Trent Frederic           0  0  0  -1  0   3  1  0  0  1  0/0    12:44   0:00   0:00 
Trevor van Riemsdyk      0  0  0  -1  0   0  0  4  0  0  0/0    21:45   0:53   2:50 

Players Stats for St.Louis Blues

Player Name              G  A  P  +/- PIM S  H  SB GA TA FO     MP     PP MP  PK MP  
------------------------------------------------------------------------------------
Adam Pelech              0  0  0  -1  0   1  1  0  0  1  0/0    11:08   0:00   0:00 
Alex Tuch                0  0  0   1  0   1  0  1  0  0  0/0    18:33   2:44   0:00 
Brandon Hagel            0  0  0   1  0   8  2  1  1  0  0/1    18:33   2:44   0:00 
Brayden Point            0  0  0   0  0   1  1  1  1  0  0/1    20:45   3:33   0:00 
Colton Parayko           0  0  0   0  0   0  1  2  0  0  0/0    22:42   0:00   1:08 
Connor Clifton           0  0  0  -1  0   0  1  1  0  1  0/0    12:19   0:00   0:51 
Elias Pettersson         0  0  0   0  0   1  0  0  2  0  0/0    11:01   0:00   0:00 
Isac Lundestrom          0  0  0   0  0   2  0  1  0  0  1/3     8:52   0:00   0:50 
Jaccob Slavin            0  0  0   2  0   2  0  3  0  2  0/0    22:39   2:24   1:21 
Jack Eichel              1  0  1   1  0   7  2  0  2  0  11/18  19:01   3:13   0:00 
Jake Guentzel            0  0  0   0  0   2  1  0  0  0  1/1    20:03   3:13   0:00 
Jake Sanderson           0  0  0   0  2   0  0  1  1  0  0/0    26:27   3:33   0:00 
Joona Koppanen           0  0  0   0  0   0  1  1  1  0  1/1     8:20   0:00   1:09 
Logan O'Connor           0  0  0   0  0   5  1  0  2  1  0/0     8:52   0:00   0:50 
Mark Stone               0  0  0   0  0   1  0  0  1  1  0/0    11:01   0:00   0:00 
Mikhail Sergachev        1  1  2   2  0   2  1  2  0  0  0/0    21:11   2:24   0:38 
Robert Thomas            0  1  1   0  0   5  1  1  0  1  9/25   20:22   3:13   0:00 
Vincent Trocheck         0  0  0   0  0   2  1  0  0  1  6/15   16:11   2:44   1:09 

3 Stars

1 - Connor Hellebuyck (STL)
2 - Mikhail Sergachev (STL)
3 - Alex Lyon (DAL)

Power Play

Dallas Stars - 0 on 1 Attempt(s) - 0.00%
St.Louis Blues - 0 on 3 Attempt(s) - 0.00%

Penalty Kill

Dallas Stars - 3 on 3 Attempt(s) - 100.00% - Score 0 goal in Penalty Kill
St.Louis Blues - 1 on 1 Attempt(s) - 100.00% - Score 0 goal in Penalty Kill

Team Stat

Dallas Stars - Hits : 13 - Faceoff Wins : 36 - Blocked Shots : 12 - Penalty Minutes : 6
St.Louis Blues - Hits : 14 - Faceoff Wins : 29 - Blocked Shots : 15 - Penalty Minutes : 2

Official

Referees : Justin St. Pierre and Conor O'Donnell
Linesman : Unknown

Game Notes

No Game Note

Finance

Level 1 -- Attendance: 5864 (97.73%) -- Ticket Income $557,080
Level 2 -- Attendance: 4094 (81.88%) -- Ticket Income $233,358
Level 3 -- Attendance: 2940 (98.00%) -- Ticket Income $97,020
Level 4 -- Attendance: 3771 (75.42%) -- Ticket Income $86,733
Luxury Box -- Attendance: 790 (79.00%) -- Ticket Income $153,260
Game was played at the Scottrade Center.
Total Attendance: 17459 (87.30%)
Total Ticket Income: $1,127,451
Other Income: $394,608
Total Income: $1,522,059

Dallas Stars

5 vs 5 Forward 
   Center                   Left Wing                Right Wing               Time % Phy DF OF 
 1 Elias Lindholm           Josh Anderson            Brendan Gallagher        30     1   2  2  
 2 Filip Chytil             Jordan Martinook         Jordan Greenway          30     1   2  2  
 3 Jack Drury               Alex Iafallo             Trent Frederic           25     1   2  2  
 4 Philip Tomasino          Joel Kiviranta           Jonatan Berggren         15     1   2  2  

5 vs 5 Defense 
   Defense                  Defense                                           Time % Phy DF OF 
 1 Rasmus Ristolainen       Dougie Hamilton                                   35     1   2  2  
 2 Trevor van Riemsdyk      Jakob Chychrun                                    35     1   2  2  
 3 Arber Xhekaj             Cam York                                          30     1   2  2  
 4 Rasmus Ristolainen       Dougie Hamilton                                   0      1   2  2  

PowerPlay Forward 
   Center                   Left Wing                Right Wing               Time % Phy DF OF 
 1 Elias Lindholm           Josh Anderson            Brendan Gallagher        50     1   2  2  
 2 Alex Iafallo             Jordan Martinook         Jordan Greenway          50     1   2  2  

PowerPlay Defense
   Defense                  Defense                                           Time % Phy DF OF 
 1 Rasmus Ristolainen       Dougie Hamilton                                   50     1   2  2  
 2 Trevor van Riemsdyk      Jakob Chychrun                                    50     1   2  2  

Penalty Kill 4 Players Forward 
   Center                   Wing                     Time % Phy DF OF 
 1 Elias Lindholm           Josh Anderson            50     1   2  2  
 2 Jordan Martinook         Brendan Gallagher        50     1   2  2  

Penalty Kill 4 Players Defense
   Defense                  Defense                  Time % Phy DF OF 
 1 Rasmus Ristolainen       Dougie Hamilton          50     1   2  2  
 2 Trevor van Riemsdyk      Jakob Chychrun           50     1   2  2  

Penalty Kill - 3 Players Forward 
   Forward                                           Time % Phy DF OF 
 1 Elias Lindholm                                    50     1   2  2  
 2 Josh Anderson                                     50     1   2  2  

Penalty Kill - 3 Players Defense
   Defense                  Defense                  Time % Phy DF OF 
 1 Rasmus Ristolainen       Dougie Hamilton          50     1   2  2  
 2 Trevor van Riemsdyk      Jakob Chychrun           50     1   2  2  

4 vs 4 Forward 
   Center                   Wing                     Time % Phy DF OF 
 1 Elias Lindholm           Josh Anderson            50     1   2  2  
 2 Jordan Martinook         Brendan Gallagher        50     1   2  2  

4 vs 4 Defense
   Defense                  Defense                  Time % Phy DF OF 
 1 Rasmus Ristolainen       Dougie Hamilton          50     1   2  2  
 2 Trevor van Riemsdyk      Jakob Chychrun           50     1   2  2  

Last Minutes Offensive
   Center                   Left Wing                Right Wing               Defense                  Defense                  
   Elias Lindholm           Josh Anderson            Brendan Gallagher        Rasmus Ristolainen       Dougie Hamilton          

Last Minutes Defensive
   Center                   Left Wing                Right Wing               Defense                  Defense                  
   Elias Lindholm           Josh Anderson            Brendan Gallagher        Rasmus Ristolainen       Dougie Hamilton          

Goaltenders
Starting : Alex Lyon                
Backup : Semyon Varlamov          

Extra Forwards
Normal : Alex Iafallo, Joel Kiviranta, Jack Drury - PP : Alex Iafallo, Joel Kiviranta - PK : Jack Drury
Extra Defensemen
Normal : Rasmus Ristolainen, Cam York, Trevor van Riemsdyk - PP : Dougie Hamilton - PK : Cam York, Trevor van Riemsdyk
Penalty Shots
Elias Lindholm, Josh Anderson, Jordan Martinook, Brendan Gallagher, Alex Iafallo

Scratches
Luke Kunin (Healthy), Jonas Siegenthaler (Healthy), Marc-Andre Fleury (Healthy)

St.Louis Blues

5 vs 5 Forward 
   Center                   Left Wing                Right Wing               Time % Phy DF OF 
 1 Robert Thomas            Jake Guentzel            Brayden Point            35     0   2  3  
 2 Jack Eichel              Brandon Hagel            Alex Tuch                35     0   2  3  
 3 Vincent Trocheck         Elias Pettersson         Mark Stone               25     1   2  2  
 4 Isac Lundestrom          Joona Koppanen           Logan O'Connor           5      1   3  1  

5 vs 5 Defense 
   Defense                  Defense                                           Time % Phy DF OF 
 1 Jake Sanderson           Colton Parayko                                    45     1   2  2  
 2 Mikhail Sergachev        Jaccob Slavin                                     35     1   2  2  
 3 Adam Pelech              Connor Clifton                                    20     1   3  1  
 4 Jake Sanderson           Colton Parayko                                    0      1   2  2  

PowerPlay Forward 
   Center                   Left Wing                Right Wing               Time % Phy DF OF 
 1 Robert Thomas            Jack Eichel              Jake Guentzel            60     1   0  4  
 2 Vincent Trocheck         Brandon Hagel            Alex Tuch                40     1   0  4  

PowerPlay Defense
   Defense                  Defense                                           Time % Phy DF OF 
 1 Brayden Point            Jake Sanderson                                    60     0   1  4  
 2 Jaccob Slavin            Mikhail Sergachev                                 40     0   1  4  

Penalty Kill 4 Players Forward 
   Center                   Wing                     Time % Phy DF OF 
 1 Vincent Trocheck         Joona Koppanen           50     2   3  0  
 2 Isac Lundestrom          Logan O'Connor           50     2   3  0  

Penalty Kill 4 Players Defense
   Defense                  Defense                  Time % Phy DF OF 
 1 Jaccob Slavin            Connor Clifton           50     2   3  0  
 2 Jake Sanderson           Colton Parayko           50     2   3  0  

Penalty Kill - 3 Players Forward 
   Forward                                           Time % Phy DF OF 
 1 Vincent Trocheck                                  50     0   5  0  
 2 Isac Lundestrom                                   50     0   5  0  

Penalty Kill - 3 Players Defense
   Defense                  Defense                  Time % Phy DF OF 
 1 Jaccob Slavin            Connor Clifton           50     0   5  0  
 2 Jake Sanderson           Colton Parayko           50     0   5  0  

4 vs 4 Forward 
   Center                   Wing                     Time % Phy DF OF 
 1 Jack Eichel              Brayden Point            50     0   2  3  
 2 Robert Thomas            Jake Guentzel            50     0   2  3  

4 vs 4 Defense
   Defense                  Defense                  Time % Phy DF OF 
 1 Jake Sanderson           Mikhail Sergachev        50     0   3  2  
 2 Colton Parayko           Jaccob Slavin            50     0   3  2  

Last Minutes Offensive
   Center                   Left Wing                Right Wing               Defense                  Defense                  
   Robert Thomas            Jack Eichel              Jake Guentzel            Brayden Point            Mikhail Sergachev        

Last Minutes Defensive
   Center                   Left Wing                Right Wing               Defense                  Defense                  
   Vincent Trocheck         Isac Lundestrom          Logan O'Connor           Jake Sanderson           Jaccob Slavin            

Goaltenders
Starting : Connor Hellebuyck        
Backup : Scott Wedgewood          

Extra Forwards
Normal : Brandon Hagel, Jake Guentzel, Alex Tuch - PP : Vincent Trocheck, Brayden Point - PK : Jack Eichel
Extra Defensemen
Normal : Jake Sanderson, Mikhail Sergachev, Colton Parayko - PP : Jake Sanderson - PK : Jaccob Slavin, Jake Sanderson
Penalty Shots
Vincent Trocheck, Jack Eichel, Brayden Point, Jake Guentzel, Brandon Hagel

Scratches
Artem Zub (Healthy), Luke Glendening (Healthy), Yanni Gourde (Healthy)

% Time on Ice - Dallas Stars

Lines # - Real PCT - Wanted PCT - Time Play
Normal Forward
1 - 28% - 30% - 14:27
2 - 29% - 30% - 14:51
3 - 25% - 25% - 12:44
4 - 18% - 15% - 9:05
Normal Defense
1 - 34% - 35% - 17:38
2 - 35% - 35% - 18:02
3 - 30% - 30% - 15:27
4 - 0% - 0% - 0:00
PP Forward
1 - 50% - 50% - 1:00
2 - 50% - 50% - 0:59
PP Defense
1 - 55% - 50% - 1:06
2 - 45% - 50% - 0:53
PK Forward
1 - 49% - 50% - 2:54
2 - 51% - 50% - 3:03
PK Defense
1 - 52% - 50% - 3:07
2 - 48% - 50% - 2:50
PK3 Forward
1 - 0% - 50%
2 - 0% - 50%
PK3 Defense
1 - 0% - 50%
2 - 0% - 50%
44 Forward
1 - 0% - 50%
2 - 0% - 50%
44 Defense
1 - 0% - 50%
2 - 0% - 50%
Last Minute Offensive  - 0:57
Last Minute Defensive  - 0:00
Total
Forward - 60:00
Defense - 60:00

% Time on Ice - St.Louis Blues

Lines # - Real PCT - Wanted PCT - Time Play
Normal Forward
1 - 34% - 35% - 17:12
2 - 31% - 35% - 15:49
3 - 22% - 25% - 11:01
4 - 13% - 5% - 6:49
Normal Defense
1 - 44% - 45% - 22:19
2 - 34% - 35% - 17:24
3 - 22% - 20% - 11:08
4 - 0% - 0% - 0:00
PP Forward
1 - 54% - 60% - 3:13
2 - 46% - 40% - 2:44
PP Defense
1 - 60% - 60% - 3:33
2 - 40% - 40% - 2:24
PK Forward
1 - 58% - 50% - 1:09
2 - 42% - 50% - 0:50
PK Defense
1 - 43% - 50% - 0:51
2 - 57% - 50% - 1:08
PK3 Forward
1 - 0% - 50%
2 - 0% - 50%
PK3 Defense
1 - 0% - 50%
2 - 0% - 50%
44 Forward
1 - 0% - 50%
2 - 0% - 50%
44 Defense
1 - 0% - 50%
2 - 0% - 50%
Last Minute Offensive  - 0:00
Last Minute Defensive  - 1:13
Total
Forward - 60:00
Defense - 60:00

Play-by-Play

1st period


0:01 of 1st period - Robert Thomas wins face-off versus Elias Lindholm in neutral zone.
1:04 of 1st period - Wrist shot by Brandon Hagel.
1:04 of 1st period - Stopped by Alex Lyon without a rebound.
1:05 of 1st period - Vincent Trocheck wins face-off versus Jack Drury in Dallas Stars zone.
1:06 of 1st period - Snap shot by Mark Stone.
1:06 of 1st period - Shot Misses the Net.
1:08 of 1st period - Wrist shot by Elias Pettersson.
1:08 of 1st period - Shot Misses the Net.
1:10 of 1st period - Snap shot by Jaccob Slavin.
1:10 of 1st period - Shot Blocked by Trevor van Riemsdyk.
1:12 of 1st period - Slapshot by Jaccob Slavin.
1:12 of 1st period - Stopped by Alex Lyon with a rebound.
1:14 of 1st period - Slapshot by Mikhail Sergachev.
1:14 of 1st period - Deflect By Elias Pettersson.
1:14 of 1st period - Shot Misses the Net.
1:14 of 1st period - Puck is out of play.
1:15 of 1st period - Jack Drury wins face-off versus Vincent Trocheck in Dallas Stars zone.
1:20 of 1st period - Snap shot by Trent Frederic.
1:20 of 1st period - Shot Misses the Net.
1:25 of 1st period - Off-side.
1:26 of 1st period - Robert Thomas wins face-off versus Philip Tomasino in neutral zone.
1:58 of 1st period - Mark Stone is hit by Brendan Gallagher and loses puck.
2:15 of 1st period - Snap shot by Jack Eichel.
2:15 of 1st period - Stopped by Alex Lyon without a rebound.
2:16 of 1st period - Jack Eichel wins face-off versus Elias Lindholm in Dallas Stars zone.
2:17 of 1st period - Slapshot by Brandon Hagel.
2:17 of 1st period - Stopped by Alex Lyon with a rebound.
2:20 of 1st period - Icing by Arber Xhekaj.
2:21 of 1st period - Elias Lindholm wins face-off versus Robert Thomas in Dallas Stars zone.
2:46 of 1st period - Cam York is hit by Logan O'Connor and loses puck.
3:29 of 1st period - Snap shot by Joel Kiviranta.
3:29 of 1st period - Shot Misses the Net.
3:31 of 1st period - Slapshot by Cam York.
3:31 of 1st period - Deflect By Jonatan Berggren.
3:31 of 1st period - Stopped by Connor Hellebuyck with a rebound.
3:55 of 1st period - Josh Anderson is hit by Connor Clifton and loses puck.
4:00 of 1st period - Snap shot by Brayden Point.
4:00 of 1st period - Shot Misses the Net.
4:08 of 1st period - Minor Penalty to Jakob Chychrun for Tripping.
4:09 of 1st period - Robert Thomas wins face-off versus Elias Lindholm in Dallas Stars zone.
4:47 of 1st period - Wrist shot by Brandon Hagel.
4:47 of 1st period - Shot Misses the Net.
6:08 of 1st period - Penalty to Jakob Chychrun is over, Jakob Chychrun is back on ice.
6:23 of 1st period - Slapshot by Brayden Point.
6:23 of 1st period - Shot Misses the Net.
6:47 of 1st period - Jaccob Slavin is hit by Rasmus Ristolainen and loses puck.
7:01 of 1st period - Icing by Filip Chytil.
7:02 of 1st period - Jack Drury wins face-off versus Isac Lundestrom in Dallas Stars zone.
7:49 of 1st period - Wrist shot by Joel Kiviranta.
7:49 of 1st period - Shot Blocked by Brayden Point.
7:51 of 1st period - Slapshot by Cam York.
7:51 of 1st period - Deflect By Jake Sanderson.
7:51 of 1st period - Stopped by Connor Hellebuyck without a rebound.
7:52 of 1st period - Jack Eichel wins face-off versus Philip Tomasino in St.Louis Blues zone.
7:52 of 1st period - Jack Eichel is hit by Philip Tomasino.
8:12 of 1st period - Wrist shot by Jonatan Berggren.
8:12 of 1st period - Stopped by Connor Hellebuyck with a rebound.
8:14 of 1st period - Wrist shot by Philip Tomasino.
8:14 of 1st period - Stopped by Connor Hellebuyck without a rebound.
8:15 of 1st period - Filip Chytil wins face-off versus Robert Thomas in St.Louis Blues zone.
8:44 of 1st period - Brendan Gallagher is hit by Jack Eichel and loses puck.
8:55 of 1st period - Wrist shot by Jack Eichel.
8:55 of 1st period - Shot Misses the Net.
9:01 of 1st period - Minor Penalty to Josh Anderson for Tripping.
9:02 of 1st period - Robert Thomas wins face-off versus Jordan Martinook in Dallas Stars zone.
9:17 of 1st period - Snap shot by Jack Eichel.
9:17 of 1st period - Stopped by Alex Lyon without a rebound.
9:18 of 1st period - Elias Lindholm wins face-off versus Robert Thomas in Dallas Stars zone.
9:27 of 1st period - Slapshot by Dougie Hamilton.
9:27 of 1st period - Shot Hit the Post.
9:39 of 1st period - Jack Drury is hit by Jake Guentzel and loses puck.
11:01 of 1st period - Penalty to Josh Anderson is over, Josh Anderson is back on ice.
11:10 of 1st period - Mikhail Sergachev is hit by Arber Xhekaj and loses puck.
11:15 of 1st period - Snap shot by Jonatan Berggren.
11:15 of 1st period - Shot Misses the Net.
11:17 of 1st period - Wrist shot by Cam York.
11:17 of 1st period - Shot Blocked by Isac Lundestrom.
11:19 of 1st period - Slapshot by Cam York.
11:19 of 1st period - Shot Blocked by Mikhail Sergachev.
11:29 of 1st period - Slapshot by Mikhail Sergachev.
11:29 of 1st period - Deflect By Mark Stone.
11:29 of 1st period - Stopped by Alex Lyon with a rebound.
11:46 of 1st period - Jordan Greenway is hit by Colton Parayko and loses puck.
12:25 of 1st period - Snap shot by Trent Frederic.
12:25 of 1st period - Stopped by Connor Hellebuyck with a rebound.
13:21 of 1st period - Off-side.
13:22 of 1st period - Filip Chytil wins face-off versus Robert Thomas in neutral zone.
13:49 of 1st period - Slapshot by Jack Eichel.
13:49 of 1st period - Stopped by Alex Lyon without a rebound.
13:50 of 1st period - Jack Eichel wins face-off versus Elias Lindholm in Dallas Stars zone.
14:01 of 1st period - Wrist shot by Jack Eichel.
14:01 of 1st period - Stopped by Alex Lyon with a rebound.
14:03 of 1st period - Wrist shot by Brandon Hagel.
14:03 of 1st period - Stopped by Alex Lyon with a rebound.
14:29 of 1st period - Wrist shot by Brandon Hagel.
14:29 of 1st period - Shot Misses the Net.
14:31 of 1st period - Slapshot by Mikhail Sergachev.
14:31 of 1st period - Shot Blocked by Trevor van Riemsdyk.
14:33 of 1st period - Slapshot by Mikhail Sergachev.
14:33 of 1st period - Deflect By Alex Tuch.
14:33 of 1st period - Shot Blocked by Elias Lindholm.
14:33 of 1st period - Puck is out of play.
14:34 of 1st period - Filip Chytil wins face-off versus Robert Thomas in Dallas Stars zone.
14:50 of 1st period - Wrist shot by Robert Thomas.
14:50 of 1st period - Stopped by Alex Lyon without a rebound.
14:51 of 1st period - Vincent Trocheck wins face-off versus Jack Drury in Dallas Stars zone.
15:03 of 1st period - Icing by Colton Parayko.
15:04 of 1st period - Filip Chytil wins face-off versus Vincent Trocheck in St.Louis Blues zone.
15:05 of 1st period - Snap shot by Jordan Martinook.
15:05 of 1st period - Stopped by Connor Hellebuyck without a rebound.
15:06 of 1st period - Jake Guentzel wins face-off versus Filip Chytil in St.Louis Blues zone.
15:10 of 1st period - Off-side.
15:11 of 1st period - Filip Chytil wins face-off versus Robert Thomas in neutral zone.
15:13 of 1st period - Minor Penalty to Jordan Greenway for Tripping.
15:14 of 1st period - Jordan Martinook wins face-off versus Robert Thomas in Dallas Stars zone.
15:14 of 1st period - Jordan Martinook is hit by Robert Thomas.
15:31 of 1st period - Snap shot by Jake Guentzel.
15:31 of 1st period - Shot Misses the Net.
16:47 of 1st period - Snap shot by Alex Iafallo.
16:47 of 1st period - Stopped by Connor Hellebuyck without a rebound.
16:48 of 1st period - Vincent Trocheck wins face-off versus Jack Drury in St.Louis Blues zone.
17:13 of 1st period - Penalty to Jordan Greenway is over, Jordan Greenway is back on ice.
17:20 of 1st period - Wrist shot by Isac Lundestrom.
17:20 of 1st period - Stopped by Alex Lyon without a rebound.
17:21 of 1st period - Filip Chytil wins face-off versus Isac Lundestrom in Dallas Stars zone.
17:42 of 1st period - Adam Pelech is hit by Filip Chytil.
17:52 of 1st period - Slapshot by Isac Lundestrom.
17:52 of 1st period - Shot Misses the Net.
17:54 of 1st period - Slapshot by Adam Pelech.
17:54 of 1st period - Stopped by Alex Lyon with a rebound.
17:56 of 1st period - Slapshot by Connor Clifton.
17:56 of 1st period - Deflect By Logan O'Connor.
17:56 of 1st period - Stopped by Alex Lyon without a rebound.
17:57 of 1st period - Robert Thomas wins face-off versus Jack Drury in Dallas Stars zone.
17:58 of 1st period - Slapshot by Brayden Point.
17:58 of 1st period - Shot Misses the Net.
18:12 of 1st period - Snap shot by Jack Drury.
18:12 of 1st period - Stopped by Connor Hellebuyck without a rebound.
18:13 of 1st period - Jack Eichel wins face-off versus Filip Chytil in St.Louis Blues zone.
18:48 of 1st period - Snap shot by Vincent Trocheck.
18:48 of 1st period - Shot Misses the Net.
18:50 of 1st period - Slapshot by Jake Sanderson.
18:50 of 1st period - Shot Blocked by Trevor van Riemsdyk.
19:28 of 1st period - Snap shot by Jack Eichel.
19:28 of 1st period - Stopped by Alex Lyon with a rebound.
19:30 of 1st period - Snap shot by Alex Tuch.
19:30 of 1st period - Stopped by Alex Lyon with a rebound.
19:32 of 1st period - Snap shot by Brandon Hagel.
19:32 of 1st period - Shot Misses the Net.
19:34 of 1st period - Snap shot by Jaccob Slavin.
19:34 of 1st period - Shot Misses the Net.
19:36 of 1st period - Snap shot by Jack Eichel.
19:36 of 1st period - Stopped by Alex Lyon with a rebound.
19:47 of 1st period - Off-side.
19:48 of 1st period - Joona Koppanen wins face-off versus Philip Tomasino in neutral zone.
19:59 of 1st period - Slapshot by Isac Lundestrom.
19:59 of 1st period - Deflect By Dougie Hamilton.
19:59 of 1st period - Stopped by Alex Lyon with a rebound.
Goals for this period are 0 for Dallas Stars vs 0 for St.Louis Blues.
Shots for this period are 8 for Dallas Stars vs 17 for St.Louis Blues.

2nd period


0:01 of 2nd period - Elias Lindholm wins face-off versus Robert Thomas in neutral zone.
0:33 of 2nd period - Wrist shot by Trent Frederic.
0:33 of 2nd period - Stopped by Connor Hellebuyck without a rebound.
0:34 of 2nd period - Jack Eichel wins face-off versus Jack Drury in St.Louis Blues zone.
0:34 of 2nd period - Jack Eichel is hit by Jack Drury.
0:44 of 2nd period - Snap shot by Brandon Hagel.
0:44 of 2nd period - Stopped by Alex Lyon with a rebound.
0:53 of 2nd period - Icing by Cam York.
0:54 of 2nd period - Robert Thomas wins face-off versus Alex Iafallo in Dallas Stars zone.
1:05 of 2nd period - Snap shot by Brayden Point.
1:05 of 2nd period - Stopped by Alex Lyon without a rebound.
1:06 of 2nd period - Robert Thomas wins face-off versus Elias Lindholm in Dallas Stars zone.
2:06 of 2nd period - Icing by Vincent Trocheck.
2:07 of 2nd period - Elias Lindholm wins face-off versus Vincent Trocheck in St.Louis Blues zone.
2:10 of 2nd period - Wrist shot by Josh Anderson.
2:10 of 2nd period - Shot Misses the Net.
2:25 of 2nd period - Jake Sanderson is hit by Jordan Greenway and loses puck.
3:40 of 2nd period - Wrist shot by Jack Eichel.
3:40 of 2nd period - Shot Blocked by Josh Anderson.
4:02 of 2nd period - Snap shot by Isac Lundestrom.
4:02 of 2nd period - Shot Blocked by Dougie Hamilton.
4:14 of 2nd period - Slapshot by Mikhail Sergachev.
4:14 of 2nd period - Goal by Mikhail Sergachev - Dallas Stars : 0 - St.Louis Blues : 1.
4:15 of 2nd period - Filip Chytil wins face-off versus Robert Thomas in neutral zone.
4:38 of 2nd period - Icing by Robert Thomas.
4:39 of 2nd period - Robert Thomas wins face-off versus Jack Drury in St.Louis Blues zone.
4:48 of 2nd period - Snap shot by Jack Eichel.
4:48 of 2nd period - Goal by Jack Eichel - Dallas Stars : 0 - St.Louis Blues : 2.
4:49 of 2nd period - Filip Chytil wins face-off versus Robert Thomas in neutral zone.
5:04 of 2nd period - Snap shot by Jake Guentzel.
5:04 of 2nd period - Stopped by Alex Lyon with a rebound.
5:06 of 2nd period - Slapshot by Jaccob Slavin.
5:06 of 2nd period - Deflect By Robert Thomas.
5:06 of 2nd period - Stopped by Alex Lyon without a rebound.
5:07 of 2nd period - Jack Eichel wins face-off versus Brendan Gallagher in Dallas Stars zone.
5:35 of 2nd period - Icing by Robert Thomas.
5:36 of 2nd period - Filip Chytil wins face-off versus Robert Thomas in St.Louis Blues zone.
5:43 of 2nd period - Snap shot by Jake Sanderson.
5:43 of 2nd period - Shot Misses the Net.
5:45 of 2nd period - Wrist shot by Jake Guentzel.
5:45 of 2nd period - Stopped by Alex Lyon with a rebound.
5:53 of 2nd period - Snap shot by Brayden Point.
5:53 of 2nd period - Shot Misses the Net.
5:55 of 2nd period - Slapshot by Brayden Point.
5:55 of 2nd period - Deflect By Robert Thomas.
5:55 of 2nd period - Shot Misses the Net.
5:55 of 2nd period - Puck is out of play.
5:56 of 2nd period - Alex Iafallo wins face-off versus Jack Eichel in Dallas Stars zone.
6:28 of 2nd period - Wrist shot by Jordan Martinook.
6:28 of 2nd period - Stopped by Connor Hellebuyck without a rebound.
6:29 of 2nd period - Elias Lindholm wins face-off versus Robert Thomas in St.Louis Blues zone.
6:55 of 2nd period - Snap shot by Alex Iafallo.
6:55 of 2nd period - Stopped by Connor Hellebuyck without a rebound.
6:56 of 2nd period - Alex Iafallo wins face-off versus Jack Eichel in St.Louis Blues zone.
7:56 of 2nd period - Wrist shot by Brandon Hagel.
7:56 of 2nd period - Stopped by Alex Lyon with a rebound.
8:36 of 2nd period - Snap shot by Jack Eichel.
8:36 of 2nd period - Deflect By Alex Tuch.
8:36 of 2nd period - Shot Blocked by Rasmus Ristolainen.
8:36 of 2nd period - Puck is out of play.
8:37 of 2nd period - Robert Thomas wins face-off versus Filip Chytil in Dallas Stars zone.
9:02 of 2nd period - Wrist shot by Elias Lindholm.
9:02 of 2nd period - Shot Misses the Net.
9:04 of 2nd period - Snap shot by Josh Anderson.
9:04 of 2nd period - Stopped by Connor Hellebuyck with a rebound.
9:06 of 2nd period - Slapshot by Jakob Chychrun.
9:06 of 2nd period - Shot Blocked by Colton Parayko.
9:08 of 2nd period - Wrist shot by Brendan Gallagher.
9:08 of 2nd period - Shot Misses the Net.
9:10 of 2nd period - Wrist shot by Elias Lindholm.
9:10 of 2nd period - Deflect By Josh Anderson.
9:10 of 2nd period - Stopped by Connor Hellebuyck without a rebound.
9:11 of 2nd period - Filip Chytil wins face-off versus Vincent Trocheck in St.Louis Blues zone.
9:14 of 2nd period - Snap shot by Jordan Martinook.
9:14 of 2nd period - Stopped by Connor Hellebuyck without a rebound.
9:15 of 2nd period - Filip Chytil wins face-off versus Vincent Trocheck in St.Louis Blues zone.
9:26 of 2nd period - Wrist shot by Elias Pettersson.
9:26 of 2nd period - Shot Misses the Net.
11:00 of 2nd period - Elias Lindholm is hit by Brandon Hagel and loses puck.
11:05 of 2nd period - Wrist shot by Brandon Hagel.
11:05 of 2nd period - Stopped by Alex Lyon with a rebound.
11:07 of 2nd period - Snap shot by Brandon Hagel.
11:07 of 2nd period - Stopped by Alex Lyon with a rebound.
11:09 of 2nd period - Wrist shot by Jack Eichel.
11:09 of 2nd period - Shot Blocked by Arber Xhekaj.
11:27 of 2nd period - Snap shot by Alex Iafallo.
11:27 of 2nd period - Shot Misses the Net.
11:41 of 2nd period - Snap shot by Logan O'Connor.
11:41 of 2nd period - Stopped by Alex Lyon with a rebound.
12:06 of 2nd period - Snap shot by Jonatan Berggren.
12:06 of 2nd period - Stopped by Connor Hellebuyck with a rebound.
12:25 of 2nd period - Elias Lindholm is hit by Jack Eichel and loses puck.
13:00 of 2nd period - Snap shot by Elias Pettersson.
13:00 of 2nd period - Stopped by Alex Lyon with a rebound.
13:24 of 2nd period - Snap shot by Jonatan Berggren.
13:24 of 2nd period - Shot Blocked by Mikhail Sergachev.
13:26 of 2nd period - Wrist shot by Joel Kiviranta.
13:26 of 2nd period - Shot Misses the Net.
13:28 of 2nd period - Backhand shot by Philip Tomasino.
13:28 of 2nd period - Deflect By Jonatan Berggren.
13:28 of 2nd period - Stopped by Connor Hellebuyck without a rebound.
13:29 of 2nd period - Philip Tomasino wins face-off versus Brayden Point in St.Louis Blues zone.
13:52 of 2nd period - Wrist shot by Jonatan Berggren.
13:52 of 2nd period - Shot Misses the Net.
13:56 of 2nd period - Slapshot by Joel Kiviranta.
13:56 of 2nd period - Goal by Joel Kiviranta - Dallas Stars : 1 - St.Louis Blues : 2.
13:57 of 2nd period - Elias Lindholm wins face-off versus Robert Thomas in neutral zone.
14:02 of 2nd period - Snap shot by Elias Lindholm.
14:02 of 2nd period - Stopped by Connor Hellebuyck with a rebound.
14:04 of 2nd period - Snap shot by Josh Anderson.
14:04 of 2nd period - Stopped by Connor Hellebuyck with a rebound.
14:06 of 2nd period - Snap shot by Elias Lindholm.
14:06 of 2nd period - Shot Blocked by Jake Sanderson.
14:08 of 2nd period - Wrist shot by Elias Lindholm.
14:08 of 2nd period - Shot Misses the Net.
14:10 of 2nd period - Wrist shot by Brendan Gallagher.
14:10 of 2nd period - Shot Misses the Net.
14:12 of 2nd period - Snap shot by Arber Xhekaj.
14:12 of 2nd period - Deflect By Brayden Point.
14:12 of 2nd period - Stopped by Connor Hellebuyck with a rebound.
14:31 of 2nd period - Wrist shot by Alex Iafallo.
14:31 of 2nd period - Stopped by Connor Hellebuyck without a rebound.
14:32 of 2nd period - Filip Chytil wins face-off versus Jack Eichel in St.Louis Blues zone.
14:35 of 2nd period - Slapshot by Jordan Martinook.
14:35 of 2nd period - Stopped by Connor Hellebuyck without a rebound.
14:36 of 2nd period - Jack Eichel wins face-off versus Filip Chytil in St.Louis Blues zone.
14:36 of 2nd period - Jack Eichel is hit by Jakob Chychrun.
16:26 of 2nd period - Wrist shot by Vincent Trocheck.
16:26 of 2nd period - Stopped by Alex Lyon with a rebound.
16:34 of 2nd period - Wrist shot by Elias Lindholm.
16:34 of 2nd period - Shot Misses the Net.
16:36 of 2nd period - Snap shot by Josh Anderson.
16:36 of 2nd period - Shot Misses the Net.
16:46 of 2nd period - Slapshot by Mikhail Sergachev.
16:46 of 2nd period - Stopped by Alex Lyon without a rebound.
16:47 of 2nd period - Jack Drury wins face-off versus Robert Thomas in Dallas Stars zone.
16:52 of 2nd period - Snap shot by Jakob Chychrun.
16:52 of 2nd period - Stopped by Connor Hellebuyck with a rebound.
16:56 of 2nd period - Snap shot by Jack Drury.
16:56 of 2nd period - Stopped by Connor Hellebuyck with a rebound.
16:58 of 2nd period - Snap shot by Jack Drury.
16:58 of 2nd period - Shot Blocked by Connor Clifton.
17:02 of 2nd period - Snap shot by Jack Drury.
17:02 of 2nd period - Shot Blocked by Robert Thomas.
17:12 of 2nd period - Jake Guentzel is hit by Josh Anderson and loses puck.
17:17 of 2nd period - Wrist shot by Elias Lindholm.
17:17 of 2nd period - Shot Misses the Net.
17:57 of 2nd period - Wrist shot by Robert Thomas.
17:57 of 2nd period - Shot Blocked by Jonatan Berggren.
18:03 of 2nd period - Joel Kiviranta is hit by Brandon Hagel and loses puck.
18:33 of 2nd period - Snap shot by Jonatan Berggren.
18:33 of 2nd period - Stopped by Connor Hellebuyck with a rebound.
18:35 of 2nd period - Slapshot by Dougie Hamilton.
18:35 of 2nd period - Stopped by Connor Hellebuyck with a rebound.
18:37 of 2nd period - Slapshot by Rasmus Ristolainen.
18:37 of 2nd period - Shot Misses the Net.
18:39 of 2nd period - Slapshot by Rasmus Ristolainen.
18:39 of 2nd period - Shot Misses the Net.
18:41 of 2nd period - Slapshot by Dougie Hamilton.
18:41 of 2nd period - Shot Blocked by Joona Koppanen.
19:05 of 2nd period - Snap shot by Jonatan Berggren.
19:05 of 2nd period - Shot Blocked by Colton Parayko.
19:07 of 2nd period - Snap shot by Jonatan Berggren.
19:07 of 2nd period - Stopped by Connor Hellebuyck without a rebound.
19:08 of 2nd period - Elias Lindholm wins face-off versus Jack Eichel in St.Louis Blues zone.
19:33 of 2nd period - Trevor van Riemsdyk is hit by Vincent Trocheck and loses puck.
19:42 of 2nd period - Snap shot by Vincent Trocheck.
19:42 of 2nd period - Shot Misses the Net.
19:44 of 2nd period - Slapshot by Mikhail Sergachev.
19:44 of 2nd period - Shot Misses the Net.
Goals for this period are 1 for Dallas Stars vs 2 for St.Louis Blues.
Shots for this period are 19 for Dallas Stars vs 14 for St.Louis Blues.

3rd period


0:01 of 3rd period - Elias Lindholm wins face-off versus Jack Eichel in neutral zone.
0:12 of 3rd period - Wrist shot by Brendan Gallagher.
0:12 of 3rd period - Shot Misses the Net.
0:14 of 3rd period - Snap shot by Elias Lindholm.
0:14 of 3rd period - Stopped by Connor Hellebuyck with a rebound.
0:53 of 3rd period - Snap shot by Vincent Trocheck.
0:53 of 3rd period - Deflect By Brayden Point.
0:53 of 3rd period - Shot Misses the Net.
0:53 of 3rd period - Puck is out of play.
0:54 of 3rd period - Jack Drury wins face-off versus Robert Thomas in Dallas Stars zone.
1:05 of 3rd period - Snap shot by Brayden Point.
1:05 of 3rd period - Deflect By Jack Drury.
1:05 of 3rd period - Shot Misses the Net.
1:05 of 3rd period - Puck is out of play.
1:06 of 3rd period - Jack Eichel wins face-off versus Elias Lindholm in Dallas Stars zone.
1:17 of 3rd period - Slapshot by Elias Lindholm.
1:17 of 3rd period - Shot Blocked by Jaccob Slavin.
1:19 of 3rd period - Slapshot by Arber Xhekaj.
1:19 of 3rd period - Shot Blocked by Brandon Hagel.
2:45 of 3rd period - Wrist shot by Robert Thomas.
2:45 of 3rd period - Stopped by Alex Lyon with a rebound.
2:59 of 3rd period - Wrist shot by Robert Thomas.
2:59 of 3rd period - Stopped by Alex Lyon without a rebound.
3:00 of 3rd period - Elias Lindholm wins face-off versus Jack Eichel in Dallas Stars zone.
4:09 of 3rd period - Icing by Dougie Hamilton.
4:10 of 3rd period - Jack Eichel wins face-off versus Elias Lindholm in Dallas Stars zone.
4:17 of 3rd period - Wrist shot by Jack Eichel.
4:17 of 3rd period - Shot Blocked by Rasmus Ristolainen.
4:35 of 3rd period - Wrist shot by Brendan Gallagher.
4:35 of 3rd period - Stopped by Connor Hellebuyck with a rebound.
4:37 of 3rd period - Slapshot by Dougie Hamilton.
4:37 of 3rd period - Shot Blocked by Alex Tuch.
4:53 of 3rd period - Wrist shot by Elias Lindholm.
4:53 of 3rd period - Stopped by Connor Hellebuyck with a rebound.
4:55 of 3rd period - Snap shot by Rasmus Ristolainen.
4:55 of 3rd period - Shot Misses the Net.
4:57 of 3rd period - Snap shot by Josh Anderson.
4:57 of 3rd period - Deflect By Alex Tuch.
4:57 of 3rd period - Shot Misses the Net.
4:57 of 3rd period - Puck is out of play.
4:58 of 3rd period - Vincent Trocheck wins face-off versus Filip Chytil in St.Louis Blues zone.
5:13 of 3rd period - Snap shot by Elias Pettersson.
5:13 of 3rd period - Shot Blocked by Trevor van Riemsdyk.
5:25 of 3rd period - Filip Chytil is hit by Joona Koppanen and loses puck.
5:36 of 3rd period - Slapshot by Jake Sanderson.
5:36 of 3rd period - Shot Blocked by Jordan Greenway.
5:38 of 3rd period - Snap shot by Logan O'Connor.
5:38 of 3rd period - Stopped by Alex Lyon with a rebound.
6:02 of 3rd period - Wrist shot by Filip Chytil.
6:02 of 3rd period - Stopped by Connor Hellebuyck with a rebound.
6:58 of 3rd period - Slapshot by Logan O'Connor.
6:58 of 3rd period - Stopped by Alex Lyon without a rebound.
6:59 of 3rd period - Jack Drury wins face-off versus Robert Thomas in Dallas Stars zone.
7:06 of 3rd period - Slapshot by Rasmus Ristolainen.
7:06 of 3rd period - Stopped by Connor Hellebuyck with a rebound.
7:08 of 3rd period - Snap shot by Trent Frederic.
7:08 of 3rd period - Shot Misses the Net.
7:14 of 3rd period - Snap shot by Alex Iafallo.
7:14 of 3rd period - Deflect By Trent Frederic.
7:14 of 3rd period - Stopped by Connor Hellebuyck with a rebound.
7:24 of 3rd period - Colton Parayko is hit by Dougie Hamilton and loses puck.
7:31 of 3rd period - Slapshot by Dougie Hamilton.
7:31 of 3rd period - Stopped by Connor Hellebuyck without a rebound.
7:32 of 3rd period - Elias Lindholm wins face-off versus Jack Eichel in St.Louis Blues zone.
7:39 of 3rd period - Wrist shot by Josh Anderson.
7:39 of 3rd period - Shot Misses the Net.
7:43 of 3rd period - Slapshot by Josh Anderson.
7:43 of 3rd period - Stopped by Connor Hellebuyck without a rebound.
7:44 of 3rd period - Filip Chytil wins face-off versus Brandon Hagel in St.Louis Blues zone.
8:11 of 3rd period - Elias Lindholm is hit by Brayden Point and loses puck.
10:17 of 3rd period - Minor Penalty to Jake Sanderson for Interference.
10:18 of 3rd period - Elias Lindholm wins face-off versus Vincent Trocheck in St.Louis Blues zone.
10:20 of 3rd period - Snap shot by Elias Lindholm.
10:20 of 3rd period - Stopped by Connor Hellebuyck with a rebound.
10:30 of 3rd period - Slapshot by Josh Anderson.
10:30 of 3rd period - Stopped by Connor Hellebuyck without a rebound.
10:31 of 3rd period - Isac Lundestrom wins face-off versus Alex Iafallo in St.Louis Blues zone.
11:00 of 3rd period - Snap shot by Logan O'Connor.
11:00 of 3rd period - Stopped by Alex Lyon without a rebound.
11:01 of 3rd period - Vincent Trocheck wins face-off versus Elias Lindholm in Dallas Stars zone.
11:02 of 3rd period - Snap shot by Joona Koppanen.
11:02 of 3rd period - Shot Misses the Net.
11:04 of 3rd period - Slapshot by Jaccob Slavin.
11:04 of 3rd period - Stopped by Alex Lyon with a rebound.
11:06 of 3rd period - Wrist shot by Vincent Trocheck.
11:06 of 3rd period - Stopped by Alex Lyon without a rebound.
11:07 of 3rd period - Vincent Trocheck wins face-off versus Josh Anderson in Dallas Stars zone.
12:17 of 3rd period - Penalty to Jake Sanderson is over, Jake Sanderson is back on ice.
12:50 of 3rd period - Snap shot by Brandon Hagel.
12:50 of 3rd period - Stopped by Alex Lyon with a rebound.
13:02 of 3rd period - Brayden Point is hit by Jordan Martinook.
13:06 of 3rd period - Snap shot by Filip Chytil.
13:06 of 3rd period - Stopped by Connor Hellebuyck with a rebound.
13:18 of 3rd period - Slapshot by Brayden Point.
13:18 of 3rd period - Shot Misses the Net.
14:08 of 3rd period - Mikhail Sergachev is hit by Joel Kiviranta.
14:38 of 3rd period - Josh Anderson is hit by Mikhail Sergachev and loses puck.
15:08 of 3rd period - Slapshot by Jakob Chychrun.
15:08 of 3rd period - Shot Misses the Net.
15:14 of 3rd period - Wrist shot by Filip Chytil.
15:14 of 3rd period - Stopped by Connor Hellebuyck without a rebound.
15:15 of 3rd period - Jack Eichel wins face-off versus Josh Anderson in St.Louis Blues zone.
15:20 of 3rd period - Wrist shot by Jack Eichel.
15:20 of 3rd period - Shot Misses the Net.
15:40 of 3rd period - Rasmus Ristolainen is hit by Adam Pelech and loses puck.
16:11 of 3rd period - Slapshot by Filip Chytil.
16:11 of 3rd period - Deflect By Jordan Martinook.
16:11 of 3rd period - Stopped by Connor Hellebuyck without a rebound.
16:12 of 3rd period - Jack Eichel wins face-off versus Elias Lindholm in St.Louis Blues zone.
16:39 of 3rd period - Mark Stone is hit by Trent Frederic and loses puck.
16:50 of 3rd period - Wrist shot by Jack Drury.
16:50 of 3rd period - Stopped by Connor Hellebuyck with a rebound.
16:52 of 3rd period - Slapshot by Cam York.
16:52 of 3rd period - Stopped by Connor Hellebuyck with a rebound.
17:16 of 3rd period - Snap shot by Robert Thomas.
17:16 of 3rd period - Stopped by Alex Lyon with a rebound.
17:29 of 3rd period - Snap shot by Robert Thomas.
17:29 of 3rd period - Shot Misses the Net.
18:00 of 3rd period - Slapshot by Jakob Chychrun.
18:00 of 3rd period - Shot Misses the Net.
18:02 of 3rd period - Slapshot by Jakob Chychrun.
18:02 of 3rd period - Stopped by Connor Hellebuyck without a rebound.
18:03 of 3rd period - Jack Drury wins face-off versus Vincent Trocheck in St.Louis Blues zone.
18:30 of 3rd period - Dallas Stars, Alex Lyon is pulled from the net.
18:32 of 3rd period - Snap shot by Philip Tomasino.
18:32 of 3rd period - Shot Misses the Net.
18:36 of 3rd period - Wrist shot by Jonatan Berggren.
18:36 of 3rd period - Shot Misses the Net.
18:38 of 3rd period - Wrist shot by Philip Tomasino.
18:38 of 3rd period - Stopped by Connor Hellebuyck with a rebound.
19:17 of 3rd period - Wrist shot by Elias Lindholm.
19:17 of 3rd period - Stopped by Connor Hellebuyck with a rebound.
19:19 of 3rd period - Snap shot by Rasmus Ristolainen.
19:19 of 3rd period - Shot Misses the Net.
19:21 of 3rd period - Snap shot by Josh Anderson.
19:21 of 3rd period - Stopped by Connor Hellebuyck without a rebound.
19:22 of 3rd period - Claude Julien call a timeout for Dallas Stars.
19:22 of 3rd period - Elias Lindholm wins face-off versus Vincent Trocheck in St.Louis Blues zone.
19:23 of 3rd period - Snap shot by Josh Anderson.
19:23 of 3rd period - Shot Blocked by Jaccob Slavin.
19:31 of 3rd period - Wrist shot by Josh Anderson.
19:31 of 3rd period - Stopped by Connor Hellebuyck with a rebound.
19:33 of 3rd period - Slapshot by Elias Lindholm.
19:33 of 3rd period - Shot Blocked by Jaccob Slavin.
19:41 of 3rd period - Slapshot by Elias Lindholm.
19:41 of 3rd period - Stopped by Connor Hellebuyck with a rebound.
19:47 of 3rd period - Snap shot by Elias Lindholm.
19:47 of 3rd period - Deflect By Josh Anderson.
19:47 of 3rd period - Stopped by Connor Hellebuyck with a rebound.
19:58 of 3rd period - Snap shot by Elias Lindholm.
19:58 of 3rd period - Stopped by Connor Hellebuyck without a rebound.
19:59 of 3rd period - Elias Lindholm wins face-off versus Vincent Trocheck in St.Louis Blues zone.
Goals for this period are 0 for Dallas Stars vs 0 for St.Louis Blues.
Shots for this period are 23 for Dallas Stars vs 9 for St.Louis Blues.